 Dungeon Crawl Stone Soup version 0.32-a0-818-gb728d0252e (webtiles) character file.

Game seed: 12863143251071241857

105 porpoise the Changeling (level 4, -4/34 HPs)
             Began as a Merfolk Shapeshifter on Mar 24, 2024.
             Slain by a gnoll
             ... wielding a +0 spear
              (5 damage)
             ... on level 4 of the Dungeon.
             The game lasted 00:13:18 (3421 turns).

porpoise the Changeling (Merfolk Shapeshifter)      Turns: 3421, Time: 00:13:19

Health: -4/34      AC:  5    Str: 16    XL:     4   Next: 83%
Magic:  4/4        EV: 10    Int: 12    God:
Gold:   150        SH:  0    Dex: 13    Spells: 3/3 levels left

rFire   + . .        w - +6 quarterstaff of Adyogy {heavy, rPois Int+3}
rCold   . . .        (shield currently unavailable)
rNeg    . . .        k - +0 ring mail {rF+}
rPois   +            (helmet currently unavailable)
rElec   .            (cloak currently unavailable)
rCorr   .            (gloves currently unavailable)
SInv    .            (boots currently unavailable)
Will    .....        (no amulet)
Stlth   +            (no ring)
HPRegen 0.25/turn    (no ring)
MPRegen 0.09/turn

%: no passive effects
@: beast-form
A: beast (slay +3), (nimble swimmer 2), mertail
a: Begin Untransformation


You were on level 4 of the Dungeon.
You were a hulking beast.
You visited 1 branch of the dungeon, and saw 4 of its levels.

You collected 150 gold pieces.

Inventory:

Hand Weapons
 w - the +6 quarterstaff of Adyogy (weapon) {heavy, rPois Int+3}
   (You found it on level 3 of the Dungeon)

   Int+3:     It affects your intelligence (+3).
   rPois:     It protects you from poison.
Missiles
 a - 8 poisoned darts
 g - 4 boomerangs (quivered)
Armour
 k - a +0 ring mail of fire resistance (worn)
Talismans
 c - a beast talisman (active)
 d - a flux talisman
Scrolls
 f - a scroll of immolation
 h - 2 scrolls of identify
 i - a scroll of fear
 j - 2 scrolls of enchant armour
 l - a scroll of butterflies {unknown}
 m - a scroll of enchant weapon {unknown}
Potions
 b - a potion of lignification
 e - 2 potions of haste


   Skills:
 + Level 2.5 Fighting
 - Level 2.6 Dodging
 + Level 4.1 Unarmed Combat
 * Level 5.5 Shapeshifting


You had 3 spell levels left.
You didn't know any spells.
Your spell library contained the following spells:

 Spells                   Type           Power      Damage    Failure   Level
 Foxfire                  Conj/Fire      0%         2x1d4     54%         1
 Ensorcelled Hibernation  Hex/Ice        0%         N/A       67%         2
 Hailstorm                Conj/Ice       0%         3d5       88%         3
 Passwall                 Erth           0%         N/A       88%         3
 Summon Ice Beast         Ice/Summ       0%         N/A       88%         3
 Swiftness                Air            0%         N/A       88%         3
 Permafrost Eruption      Ice/Erth       0%         2x4d2     100%        6
 Plasma Beam              Fire/Air       0%         2x1d10    100%        6
 Sculpt Simulacrum        Ice/Alch       0%         N/A       100%        6
 Starburst                Conj/Fire      0%         6d3       100%        6


Dungeon Overview and Level Annotations

Branches:
Dungeon (4/15)
 Temple: D:4-7

Altars:

Shops:
D:1 !


Innate Abilities, Weirdness & Mutations

You are a hulking beast.
Your limbs bulge with bestial killing power. (Slay +3)
((You are very nimble when in or above water. (Stealth+, EV+, Speed+++)))
Your lower body shifts to a powerful aquatic tail in water.


Message History

No target in view!
HP restored.
Found a stone staircase leading down.
A goblin comes into view. It is wielding a +0 club.
A goblin is nearby! 2 gnolls and a kobold come into view.
The kobold is wielding a +0 club and quivering poisoned darts.
The gnoll shouts! x2
The goblin hits you with a +0 club.
You bludgeon the goblin!!
You kill the goblin!
The kobold throws a poisoned dart.
The poisoned dart hits you!
A gnoll comes into view. It is wielding a +0 flail.
The kobold throws a poisoned dart.
The poisoned dart misses you.
A gnoll comes into view. It is wielding a +0 whip.
The gnoll shouts! x2
You see here a +0 club.
The gnoll hits you with a +0 spear! The gnoll hits you with a +0 spear.
You bludgeon the gnoll!!
You kill the gnoll!
The gnoll hits you with a +0 spear! The gnoll barely misses you.
The gnoll hits you with a +0 spear. The kobold closely misses you.
You are too injured to fight recklessly!
The gnoll attacks as it pursues you! The gnoll hits you with a +0 flail.
* * * LOW HITPOINT WARNING * * *
The gnoll barely misses you.
You see here a +0 club.
The kobold throws a poisoned dart.
The poisoned dart barely misses you.
You sock the gnoll!
The gnoll is almost dead.
The gnoll closely misses you. The kobold closely misses you.
The gnoll closely misses you. The gnoll hits you with a +0 whip.
* * * LOW HITPOINT WARNING * * *
The gnoll barely misses you.
Unknown command.
You barely miss the kobold. The gnoll hits you with a +0 flail.
* * * LOW HITPOINT WARNING * * *
The kobold barely misses you.
The gnoll hits you from afar with a +0 spear.
You die...

#..#.########
###.⌠.........#
#....#........+
#.............#
#.............#
#.............#
#.........>...#
#..............
#..hg..........
#.:Kg.......
#..g.......
#..).......
#..........
#..........
#..........
#..........
#..........


You could see 3 gnolls and a kobold.

Vanquished Creatures
  A gnoll (D:4)
  2 adders (D:2)
  2 dart slugs
  An orc (D:4)
  5 ball pythons
  8 bats
  4 endoplasms
  8 giant cockroaches
  8 goblins
  7 hobgoblins
  4 jackals (D:3)
  5 frilled lizards
  7 kobolds
  4 rats (D:1)
66 creatures vanquished.

Notes
Turn   | Place    | Note
-------+----------+-------------------------------------------
     0 | D:1      | porpoise the Merfolk Shapeshifter began the quest for the
                  | Orb.
     0 | D:1      | Reached XP level 1. HP: 15/15 MP: 1/1
   158 | D:1      | Reached XP level 2. HP: 10/21 MP: 2/2
   525 | D:1      | Found Gyos's Distillery.
   616 | D:1      | Reached XP level 3. HP: 27/27 MP: 3/3
  1197 | D:1      | Found a faded altar of an unknown god.
  1681 | D:2      | Reached skill level 5 in Shapeshifting
  1881 | D:2      | Reached XP level 4. HP: 30/33 MP: 4/4
  2533 | D:3      | Identified the +6 quarterstaff of Adyogy {heavy, rPois
                  | Int+3}
  3421 | D:4      | HP: 1/34 [gnoll/+0 flail (2)]
  3421 | D:4      | Slain by a gnoll

Illustrated notes

Levels and vault maps discovered:
D:1:      tarquinn_simple_flora_water_a, layout_basic, serial_shops, shop,
          shapermc_ecumenical_altar_mp_ritualfount
D:2:      layout_basic, hangedman_abyss_or_decor_stabs
D:3:      layout_loops_corners, kennysheep_cross_bottleneck,
          reono_crystal_passage
D:4:      layout_gridville, nicolae_yredelemnul_ghost_church, st_stairs_10,
          hangedman_feature_mirror, kennysheep_generic_room_4

Skill      XL: |  1  2  3  4 |
---------------+-------------+-----
Fighting       | 2 |  2.5
Shapeshifting  | 5 |  5.5
Unarmed Combat | 4 |  4.1
Dodging        | |  2.6

Action                     |  1- 3 |  4- 6 || total
---------------------------+-------+-------++-------
  Melee: Unarmed           |   112 |    30 ||   142
         Punch             |     1 |     1 ||     2
         Quarterstaff      |       |    24 ||    24
    Use: Scroll            |     1 |     3 ||     4
 Armour: Animal skin       |    27 |       ||    27
         Scale mail        |    21 |       ||    21
         Skin              |     8 |       ||     8
         Ring mail         |       |    41 ||    41
  Dodge: Dodged            |    67 |    39 ||   106
   Form: Beast             |     1 |       ||     1
         Flux              |     1 |       ||     1

Table legend: (Time is in decaauts)
 A = Elapsed time spent in this place.
 B = Non-inter-level travel time spent in this place.
 C = Inter-level travel time spent in this place.
 D = Time resting spent in this place.
 E = Time spent auto-exploring this place.
 F = Levels seen in this place.
 G = Mean time per level.
                   A        B        C        D        E       F      G
               +--------+--------+--------+--------+--------+-----+--------+
         Total |   3425 |   3233 |    192 |    588 |   2213 |   4 |  856.2 |
       Dungeon |   3425 |   3233 |    192 |    588 |   2213 |   4 |  856.2 |
               +--------+--------+--------+--------+--------+-----+--------+

Top non-repeatable levels by time:
     D:1: 1459 daAuts
     D:3: 957 daAuts
     D:2: 920 daAuts
     D:4: 88 daAuts
